 Dungeon Sprint DCSS version 0.29-a0-251-g80730f7218 (webtiles) character file.

Game seed: 10428396618425586484

6196 mhtbhm the Severer (level 10, -13/107 HPs)
             Began as a Minotaur Berserker on Mar 6, 2022.
             Was a High Priest of Trog.
             Mangled by a boulder beetle (51 damage)
             ... in the Dungeon (Sprint IX: "|||||||||||||||||||||||||||||").
             The game lasted 00:01:51 (1016 turns).

mhtbhm the Severer (Minotaur Berserker)             Turns: 1016, Time: 00:01:52

Health: -13/107    AC: 15    Str: 26    XL:     10   Next: 61%
Magic:  9/9        EV: 13    Int:  7    God:    Trog [*****.]
Gold:   13         SH:  0    Dex: 13    Spells: 9/9 levels left

rFire   . . .      SeeInvis .   a - +1 battleaxe (elec)
rCold   . . .      Faith    .   (shield currently unavailable)
rNeg    . . .      Spirit   .   b - +1 chain mail
rPois   .          Reflect  .   (helmet restricted)
rElec   .          Harm     .   (no cloak)
rCorr   .          Rampage  .   (no gloves)
Will    .....      NoTele   +   k - +0 pair of boots
Stlth   ..........              (no amulet)
HPRegen 0.27/turn               l - +3 ring of intelligence
MPRegen 0.11/turn               m - +3 ring of dexterity

@: on berserk cooldown, slowed, very slow
A: horns 2, retaliatory headbutt
a: Renounce Religion, Berserk, Trog's Hand, Brothers in Arms


You were in the Dungeon.
You worshipped Trog.
Trog was extremely pleased with you.
You visited 1 branch You collected 13 gold pieces.

Inventory:

Hand Weapons
 a - a +1 battleaxe of electrocution (weapon)
Armour
 b - a +1 chain mail (worn)
 k - a +0 pair of boots (worn)
Jewellery
 l - a +3 ring of intelligence (left hand)
 m - a +3 ring of dexterity (right hand)
Wands
 j - a wand of acid (10)
Scrolls
 p - a scroll of identify
 q - 2 scrolls of fog
 r - 4 scrolls of enchant armour
Potions
 c - a potion of invisibility
 d - 4 potions of heal wounds
 e - 2 potions of haste
 f - 4 potions of magic
 g - a potion of berserk rage
 i - 3 potions of curing
 n - a potion of might
 o - a potion of resistance


   Skills:
 + Level 15.8 Fighting
 + Level 19.9 Axes
 + Level 13.7 Armour
 + Level 10.0 Dodging
 + Level 0.5 Stealth


You had 9 spell levels left.
You didn't know any spells.
Your spell library was empty.

Dungeon Overview and Level Annotations

Branches:
Dungeon (1/1)

Altars:
Cheibriados
Dithmenos
Elyvilon
Fedhas
Gozag
Hepliaklqana
Kikubaaqudgha
Makhleb
Nemelex Xobeh
Okawaru
Qazlal
Ru
Sif Muna
Trog
Uskayaw
Vehumet
Wu Jian
Xom
Yredelemnul
Zin
The Shining One
Beogh
Jiyva
Lugonu


Innate Abilities, Weirdness & Mutations

You have a pair of horns on your head.
You reflexively headbutt those who attack you in melee.


Message History

You kill the wolf!
Trog accepts your kill. Trog grants you a weapon!
Something appears at your feet!
You see here a +3 executioner's axe of flaming.
You are no longer berserk.
You are exhausted.
You feel yourself slow down.
You barely miss the boulder beetle.
You headbutt the boulder beetle, but do no damage.
The boulder beetle hits you!!!
The boulder beetle stops rolling and uncurls.
You are too injured to fight recklessly!
You are too injured to fight recklessly!
You are too injured to fight recklessly!
You are too injured to fight recklessly!
You are too injured to fight recklessly!
You are too injured to fight recklessly!
You are too injured to fight recklessly!
You are too injured to fight recklessly!
You are too injured to fight recklessly!
You are too injured to fight recklessly!
You slash the boulder beetle! You headbutt the boulder beetle.
The boulder beetle is lightly wounded.
The boulder beetle closely misses you. You furiously retaliate!
You headbutt the boulder beetle, but do no damage.
Unknown command.
The boulder beetle curls into a ball and begins rolling!
You see here a black bear corpse.
Blink to where?
Press: ? - help, Dir - move target
As you read the scroll of blinking, it crumbles to dust.
There's a creature in the doorway!
Blink to where?
Press: ? - help, Dir - move target
As you read the scroll of blinking, it crumbles to dust.
Your cyclops goes berserk!
Your cyclops rages.
The boulder beetle hits you!!!
You die...

▓▓▓▓▓▓▓▓▓▓▓▓▓▓▓▓▓▓▓▓▓▓▓▓▓▓▓▓▓▓▓▓▓
.'.!...[)..††..C@B○○°°°.)○§°°....
▓▓▓▓▓▓▓▓▓▓▓▓▓▓▓▓▓▓▓▓▓▓▓▓▓▓▓▓▓▓▓▓▓
.................................
▓▓▓▓▓▓▓▓▓▓▓▓▓▓▓▓▓▓▓▓▓▓▓▓▓▓▓▓▓▓▓▓▓
....††....'______________________
▓▓▓▓▓▓▓▓▓▓▓▓▓▓▓▓▓▓▓▓▓▓▓▓▓▓▓▓▓▓▓▓▓


You could see a boulder beetle (rolling, ally target) and a friendly cyclops
(summoned, berserk).

Vanquished Creatures
  A hydra (D)
  A centaur warrior (D)
  A deep elf pyromancer (D)
  A manticore (D)
  A cyclops (D)
  A cane toad (D)
  A komodo dragon (D)
  A troll (D)
  3 blink frogs (D)
  2 wraiths (D)
  2 yaks (D)
  A basilisk (D)
  An acid dragon (D)
  2 water moccasins (D)
  2 black bears (D)
  A wolf (D)
  A necrophage (D)
  4 bullfrogs (D)
  2 orc wizards (D)
  2 adders (D)
  A dart slug (D)
  A giant cockroach (D)
  A goblin (D)
  A hobgoblin (D)
  A jackal (D)
  A quokka (D)
37 creatures vanquished.

Vanquished Creatures (collateral kills)
  A death knight (D)
  A gargoyle (D)
2 creatures vanquished.

Grand Total: 39 creatures vanquished

Notes
Turn   | Place    | Note
-------+----------+-------------------------------------------
     0 | D        | mhtbhm the Minotaur Berserker began the quest for the Orb.
     0 | D        | Reached XP level 1. HP: 19/19 MP: 0/0
     6 | D        | Reached skill level 4 in Axes
    11 | D        | Reached ** piety under Trog
    17 | D        | Reached XP level 2. HP: 26/28 MP: 1/1
    33 | D        | Noticed a black bear
    33 | D        | Noticed a necrophage
    36 | D        | Reached skill level 5 in Fighting
    36 | D        | Reached skill level 5 in Axes
    46 | D        | Reached *** piety under Trog
    47 | D        | Killed a black bear
    48 | D        | Reached skill level 8 in Axes
    48 | D        | Reached XP level 3. HP: 33/39 MP: 2/2
    48 | D        | Reached XP level 4. HP: 40/47 MP: 3/3
    52 | D        | Killed a necrophage
    53 | D        | Reached skill level 9 in Axes
    53 | D        | Reached XP level 5. HP: 38/53 MP: 4/4
   212 | D        | Found a snail-covered altar of Cheibriados.
   212 | D        | Found a shadowy altar of Dithmenos.
   212 | D        | Found a white marble altar of Elyvilon.
   212 | D        | Found a blossoming altar of Fedhas.
   212 | D        | Found an opulent altar of Gozag.
   213 | D        | Found a hazy altar of Hepliaklqana.
   214 | D        | Found a viscous altar of Jiyva.
   215 | D        | Found an ancient bone altar of Kikubaaqudgha.
   216 | D        | Found a corrupted altar of Lugonu.
   217 | D        | Found a burning altar of Makhleb.
   218 | D        | Found a sparkling altar of Nemelex Xobeh.
   219 | D        | Found an iron altar of Okawaru.
   220 | D        | Found a stormy altar of Qazlal.
   221 | D        | Found a sacrificial altar of Ru.
   222 | D        | Found a shimmering blue altar of Sif Muna.
   223 | D        | Found a bloodstained altar of Trog.
   224 | D        | Found a hide-covered altar of Uskayaw.
   225 | D        | Found a radiant altar of Vehumet.
   226 | D        | Found an ornate altar of the Wu Jian Council.
   227 | D        | Found a shimmering altar of Xom.
   228 | D        | Found a basalt altar of Yredelemnul.
   229 | D        | Found a glowing silver altar of Zin.
   230 | D        | Found a glowing golden altar of the Shining One.
   279 | D        | Noticed a troll
   279 | D        | Noticed a wraith
   279 | D        | Noticed an acid dragon
   279 | D        | Noticed a wraith
   282 | D        | Reached **** piety under Trog
   283 | D        | Reached skill level 10 in Axes
   283 | D        | Reached skill level 5 in Dodging
   287 | D        | Killed a troll
   288 | D        | Reached skill level 10 in Fighting
   288 | D        | Reached skill level 12 in Axes
   288 | D        | Reached skill level 5 in Armour
   288 | D        | Reached XP level 6. HP: 67/67 MP: 5/5
   293 | D        | Killed a wraith
   294 | D        | Reached XP level 7. HP: 73/73 MP: 6/6
   297 | D        | Reached skill level 13 in Axes
   297 | D        | Reached ***** piety under Trog
   304 | D        | Killed a wraith
   484 | D        | Noticed a manticore
   484 | D        | Noticed a centaur warrior
   484 | D        | Noticed a cyclops
   484 | D        | Noticed a death knight
   484 | D        | Noticed a deep elf pyromancer
   484 | D        | Noticed a gargoyle
   487 | D        | Noticed a fire elemental
   490 | D        | Killed a manticore
   491 | D        | Reached skill level 14 in Axes
   491 | D        | Reached XP level 8. HP: 85/85 MP: 7/7
   496 | D        | Killed a centaur warrior
   497 | D        | Reached skill level 15 in Axes
   500 | D        | Killed a cyclops
   500 | D        | Received a gift from Trog
   501 | D        | Reached skill level 16 in Axes
   501 | D        | Reached XP level 9. HP: 41/94 MP: 8/8
   504 | D        | Killed a deep elf pyromancer
   505 | D        | Reached skill level 17 in Axes
   505 | D        | Reached skill level 10 in Armour
   510 | D        | Killed a death knight
   512 | D        | Killed a gargoyle
   513 | D        | Reached skill level 18 in Axes
   818 | D        | Noticed a cane toad
   818 | D        | Noticed a komodo dragon
   822 | D        | Killed a cane toad
   828 | D        | Reached XP level 10. HP: 104/104 MP: 9/9
   833 | D        | Reached skill level 15 in Fighting
   841 | D        | Reached skill level 19 in Axes
   987 | D        | Noticed an eight-headed hydra
   988 | D        | Received a gift from Trog
   992 | D        | Noticed a boulder beetle
   993 | D        | Killed an 11-headed hydra
  1001 | D        | Reached skill level 10 in Dodging
  1009 | D        | Received a gift from Trog
  1009 | D        | Reached ****** piety under Trog
  1016 | D        | Mangled by a boulder beetle

Illustrated notes

Levels and vault maps discovered:
D:        linesprint [early_d, line_temple, items_1, d_10, items_2, lair_1,
          lair_end, items_3, orc_1, orc_end, items_4, d_15, swamp_1, shoals_1,
          snake_1, spider_1, d_20, vaults_1, items_5, swamp_end, shoals_end,
          snake_end, spider_end, vaults_end, d_27, items_6, zot_1, zot_end,
          crypt_end, forest_end, elf_end, slime_end, tomb_end, abyss_end,
          pan_hell_end]

Skill      XL: |  1  2  3  4  5  6  7  8  9 10 |
---------------+-------------------------------+-----
Fighting       | 4 7 8 10 12 13 14 15 | 15.8
Axes           | 4 8 9 12 14 16 18 19 | 19.9
Armour         | 4 5 6 7 9 11 13 | 13.7
Dodging        | 4 6 7 8 9 10 | 10.0
Stealth        | |  0.5

Action                   |  1- 3 |  4- 6 |  7- 9 | 10-12 || total
-------------------------+-------+-------+-------+-------++-------
Melee: Hand axe          |    23 |     4 |       |       ||    27
       Headbutt          |     2 |     3 |     6 |     5 ||    16
       War axe           |       |    11 |    28 |       ||    39
       Battleaxe         |       |       |     8 |    36 ||    44
Invok: Berserk           |     1 |     1 |     2 |     1 ||     5
       Brothers in Arms  |       |       |     1 |     1 ||     2
  Use: Potion            |     1 |     1 |     1 |       ||     3
       Scroll            |       |       |       |     2 ||     2
Armor: Animal skin       |     2 |       |       |       ||     2
       Chain mail        |       |     4 |    11 |    14 ||    29
Dodge: Dodged            |    17 |     4 |    12 |    16 ||    49

Table legend: (Time is in decaauts)
 A = Elapsed time spent in this place.
 B = Non-inter-level travel time spent in this place.
 C = Inter-level travel time spent in this place.
 D = Time resting spent in this place.
 E = Time spent auto-exploring this place.
 F = Levels seen in this place.
 G = Mean time per level.
                   A        B        C        D        E       F      G
               +--------+--------+--------+--------+--------+-----+--------+
         Total |   1030 |   1030 |      0 |    661 |      0 |   1 | 1030.0 |
       Dungeon |   1030 |   1030 |      0 |    661 |      0 |   1 | 1030.0 |
               +--------+--------+--------+--------+--------+-----+--------+

Top non-repeatable levels by time:
       D: 1030 daAuts
